 Dungeon Crawl Stone Soup version 0.24.0-13-gcf9b319 (webtiles) character file.

Game seed: 8032172513715857566, levelgen mode: deterministic

28 Bronimir the Firebug (level 3, -1/19 HPs)
             Began as a Tengu Fire Elementalist on Mar 30, 2020.
             Succumbed to a kobold's poison
             ... on level 1 of the Dungeon.
             The game lasted 00:02:33 (822 turns).

Bronimir the Firebug (Tengu Fire Elementalist)       Turns: 822, Time: 00:02:34

Health: -1/19      AC:  3    Str:  8    XL:     3   Next: 12%
Magic:  7/7        EV: 12    Int: 16    God:
Gold:   79         SH:  0    Dex: 14    Spells: 3/6 levels left

rFire    . . .     SeeInvis .   a - +1 spear (flame)
rCold    . . .     Gourm    .   (no shield)
rNeg     . . .     Faith    .   g - +0 leather armour
rPois    .         Spirit   .   (helmet restricted)
rElec    .         Reflect  .   (no cloak)
rCorr    .         Harm     .   (no gloves)
MR       .....                  (boots unavailable)
Stlth    ++........             (no amulet)
HPRegen  0.06/turn              (no ring)
MPRegen  0.10/turn              (no ring)

@: lethally poisoned (-1 -> -19)
A: beak, talons 3
a: no special abilities


You were on level 1 of the Dungeon.
You were not hungry.

You visited 1 branch of the dungeon, and saw 1 of its levels.

You collected 79 gold pieces.

Inventory:

Hand Weapons
 a - a +1 spear of flaming (weapon)
 e - a +0 club
Missiles
 h - 29 stones (quivered)
Armour
 f - a +0 robe
 g - a +0 leather armour (worn)
Comestibles
 c - a ration


   Skills:
 * Level 0.8 Armour
 + Level 2.4 Dodging
 - Level 2.0 Stealth
 * Level 2.2 Spellcasting
 * Level 1.6 Conjurations
 * Level 4.0 Fire Magic


You had 3 spell levels left.
You knew the following spells:

 Your Spells              Type           Power        Failure   Level  Hunger
a - Flame Tongue          Conj/Fire      ##...        9%          1    #......
b - Throw Flame           Conj/Fire      ##....       14%         2    ###....

Your spell library contained the following spells:

 Spells                   Type           Power        Failure   Level  Hunger
 Conjure Flame            Conj/Fire      ##......     26%         3    ###....
 Inner Flame              Hex/Fire       #.......     36%         3    ###....
 Sticky Flame             Conj/Fire      ##......     65%         4    #####..
 Fireball                 Conj/Fire      ##........   94%         5    ######.


Dungeon Overview and Level Annotations

Branches:
Dungeon (1/15)

Altars:


Innate Abilities, Weirdness & Mutations

You have a beak for a mouth.
You have claws for feet.


Message History

You are too injured to fight recklessly!
There is a lethal amount of poison in your body!
There is a lethal amount of poison in your body!
You aren't carrying any potions.
As you read the scroll labeled COUTUE POUQER, it crumbles to dust.
You hear a loud clanging noise!
It was a scroll of noise.
You feel sick.
* * * LOW HITPOINT WARNING * * *
You feel sick.
* * * LOW HITPOINT WARNING * * *
You feel sick.
* * * LOW HITPOINT WARNING * * *
You feel sick.
You see here a scroll labeled XUGIVE FOCO.
b - a scroll labeled XUGIVE FOCO
* * * LOW HITPOINT WARNING * * *
You feel sick.
As you read the scroll labeled XUGIVE FOCO, it crumbles to dust.
You feel blessed for a moment.
It was a scroll of remove curse.
You die...

# #######.######### #
#.....#># #
####.##.#.# #
#.......#.# ######
#.##.#..#.####.....
#.)..#..#....#.#### .
#....#..####.#.#
....##....#..####.#.#
#......@..#.......#.#
.
#..##.....#.####..#.#
. . #.....#.####.##.#
. #######.......#.# .
..........#.# .
#########.#.# .
#.....# #.#.#
#.###.###.#.#
#.........#.#


There were no monsters in sight!

Vanquished Creatures
  A leopard gecko (D:1)
  4 bats (D:1)
  5 giant cockroaches (D:1)
  2 goblins (D:1)
  3 hobgoblins (D:1)
  A ball python (D:1)
  3 frilled lizards (D:1)
  3 kobolds (D:1)
  3 rats (D:1)
25 creatures vanquished.

Notes
Turn   | Place    | Note
-------+----------+-------------------------------------------
     0 | D:1      | Bronimir the Tengu Fire Elementalist began the quest for
                  | the Orb.
     0 | D:1      | Reached XP level 1. HP: 10/10 MP: 4/4
   130 | D:1      | Reached XP level 2. HP: 7/15 MP: 0/6
   346 | D:1      | Learned a level 2 spell: Throw Flame
   570 | D:1      | Reached skill level 4 in Fire Magic
   570 | D:1      | Reached XP level 3. HP: 19/19 MP: 2/7
   822 | D:1      | Succumbed to a kobold's poison

Levels and vault maps discovered:
D:1:      lightli_arrival_statue_moat, layout_basic

Skill      XL: |  1  2 |
---------------+-------+-----
Fire Magic     | 4 |  4.0
Armour         | |  0.8
Dodging        | |  2.4
Stealth        | |  2.0
Spellcasting   | |  2.2
Conjurations   | |  1.6

Action                   || total
-------------------------++-------
Melee: Unarmed           ||     3
       Spear             ||    20
       Club              ||     9
       Kick              ||     3
       Peck              ||     1
 Cast: Flame Tongue      ||    21
       Throw Flame       ||     1
  Use: Scroll            ||     2
 Stab: Sleeping          ||     1
Armor: Robe              ||    11
       Leather armour    ||     1
Dodge: Dodged            ||    32
